Cogmind - Beta 9.6 @@@ ROGUE MODE // 2020.05.19 @ 18:46:02 Player: cl0y-b1cks Result: Destroyed by G-34 Mercenary with Small Laser Performance ------------- Evolutions (1) 500 Regions Visited (4) 800 Robots Destroyed (30) 150 Value Destroyed (680) 680 Prototype IDs (2) 40 Alien Tech Used (0) 0 Bonus (0) 0 TOTAL SCORE: 2170 Bonus ------- None Cogmind --------- Core Integrity 0/400 Matter 395/450 Energy 75/100 System Corruption 0% Temperature Cool (6) Movement Hovering (56) Location -9/Storage Parts ------- > --- POWER (1) -------- (None) > --- PROPULSION (2) --- Improved Hover Unit Improved Hover Unit > --- UTILITY (4) ------ Large Matter Pod Targeting Computer Targeting Computer Light Armor Plating > --- WEAPON (2) ------- Small Laser > --- INVENTORY (4) ---- Light Ion Engine Improved Hover Unit Improved Hover Unit Peak State ------------ > --- POWER ------------ Heavy Ion Engine > --- PROPULSION ------- Light Treads Light Treads > --- UTILITY ---------- Large Matter Pod High-capacity Matter Pod Structural Scanner Integration Mediator > --- WEAPON ----------- Beam Rifle Heavy Assault Rifle > --- INVENTORY -------- Light Ion Engine Light Armor Plating [Rating: 14] Favorites ----------- Power Light Ion Engine Engine Light Ion Engine Propulsion Aluminum Leg Treads Light Treads Leg Aluminum Leg Hover Unit Improved Hover Unit Flight Unit Flight Unit Utility Large Matter Pod Device Integration Mediator Storage Large Matter Pod Processor Targeting Computer Protection Light Armor Plating Weapon Heavy Assault Rifle Energy Gun Medium Laser Ballistic Gun Heavy Assault Rifle Special Weapon Plasma Flamer Build | -11 -10 -10 -9 -9 ------- Run | Scr Mat Min Mat Sto Slots Evolved 2 | . . . 2 . Power . | . . . . . Propulsion . | . . . . . Utility 2 | . . . 2 . Weapon . | . . . . . Parts Attached 37 | 4 1 1 8 23 Power 5 | . 1 . 2 2 Engine 5 | . 1 . 2 2 Core . | . . . . . Reactor . | . . . . . Propulsion 13 | 2 . . 1 10 Treads 4 | . . . . 4 Leg 3 | 2 . . 1 . Wheel . | . . . . . Hover 2 | . . . . 2 Flight 4 | . . . . 4 Utility 7 | . . . 1 6 Device 2 | . . . 1 1 Storage 2 | . . . . 2 Processor 2 | . . . . 2 Hackware . | . . . . . Protection 1 | . . . . 1 Artifact . | . . . . . Weapon 12 | 2 . 1 4 5 Energy Gun 7 | 2 . . 3 2 Energy Cannon . | . . . . . Ballistic Gun 4 | . . . 1 3 Ballistic Cannon . | . . . . . Launcher . | . . . . . Special Weapon 1 | . . 1 . . Impact Weapon . | . . . . . Slashing Weapon . | . . . . . Piercing Weapon . | . . . . . Special Melee Weapon . | . . . . . Unidentified Prototypes 2 | . . . 1 1 Parts Lost 13 | . . . 2 11 Power 1 | . . . . 1 Propulsion 3 | . . . 1 2 Utility 3 | . . . . 3 Weapon 6 | . . . 1 5 Highest Loss Streak 4 | . . . 1 4 Average Slot Usage (%) 69 | . 66 71 51 80 Engine 10 | . 9 14 10 10 Treads 5 | . . . . 9 Leg 12 | . 28 28 21 2 Hover 1 | . . . . 3 Device 8 | . . . . 15 Storage 9 | . . . . 18 Processor 1 | . . . . 2 Protection 1 | . . . . 2 Energy Gun 9 | . 28 18 5 6 Ballistic Gun 5 | . . . 5 7 Special Weapon 3 | . . 10 8 . Naked Turns . | . . . . . Heaviest Build 24 | 3 6 8 10 24 Greatest Support 40 | 20 20 20 20 40 Greatest Overweight (x) 5 | . . . . 5 Average Overweight (x) . | . . . . . Largest Inventory Capacity 4 | 4 4 4 4 4 Average Capacity 4 | 4 4 4 4 4 Most Carried 4 | . . 1 4 4 Average Carried 1 | . . . 1 2 Final Capacity 4 | 4 4 4 4 4 Final Carried 3 | . . 1 1 3 Class Distribution -------------------- 91% | Mutant 8% | Scavenger-Mutant Dominant Class ---------------- Mutant | -10/Materials Mutant | -10/Mines Mutant | -9/Materials Mutant | -9/Storage Resources | -11 -10 -10 -9 -9 ----------- Run | Scr Mat Min Mat Sto Matter Collected 972 | 204 46 . 95 627 Remotely . | . . . . . Salvage Created 946 | . 65 . 190 691 Parts 63 | . 9 . 6 48 Haulers Intercepted 2 | . . . 1 1 Recyclers Shooed . | . . . . . Parts Field Recycled . | . . . . . Retrieved Matter . | . . . . . Parts Self-Destructed . | . . . . . Prevented . | . . . . . Kills | -11 -10 -10 -9 -9 ------- Run | Scr Mat Min Mat Sto Combat Hostiles Destroyed 23 | . 3 . 5 15 Guns 21 | . 3 . 3 15 Cannons 1 | . . . 1 . Classes Destroyed 6 | . 2 . 4 . Worker 4 | . . . 1 3 Tunneler 1 | . 1 . . . Hauler 2 | . . . 1 1 Swarmer 9 | . 3 . . 6 Grunt 5 | . . . 2 3 Sentry 9 | . . . 3 6 Best Kill Streak 4 | . 3 . 2 4 Combat Bots Only 4 | . 2 . 2 4 Max Kills in Single Turn 1 | . 1 . 1 1 Gunslinging . | . . . . . Exploded . | . . . . . Melee . | . . . . . Uniques/NPCs Destroyed . | . . . . . Combat | -11 -10 -10 -9 -9 -------- Run | Scr Mat Min Mat Sto Damage Taken 1848 | . 52 . 533 1263 Core 424 | . 16 . 159 249 Absorbed by Shields . | . . . . . Core Remaining (%) 96 | 100 . 93 . . Volleys Fired 145 | . 11 . 42 92 Largest 2 | . 2 . 2 2 Hottest 120 | . 90 . 120 79 Shots Fired 184 | . 22 . 63 99 Gun 161 | . 22 . 40 99 Cannon . | . . . . . Launcher . | . . . . . Special 23 | . . . 23 . Kinetic 97 | . . . 30 67 Thermal 87 | . 22 . 33 32 Explosive . | . . . . . Electromagnetic . | . . . . . Robot Hit Streak 13 | . 4 . 13 11 Robot Miss Streak 8 | . 2 . 2 8 Penetration Max . | . . . . . Secondary Targets 2 | . . . 1 1 Max Gunslinging Chain 1 | . . . 1 1 Shots Hit Robots 118 | . 12 . 46 60 Core Hits 46 | . 5 . 15 26 Critical Hits 3 | . . . 1 2 Critical Kills 2 | . . . . 2 Critical Parts Destroyed . | . . . . . Melee Attacks . | . . . . . Impact . | . . . . . Slashing . | . . . . . Piercing . | . . . . . Sneak Attacks . | . . . . . Combat Hostiles . | . . . . . Follow-up Attacks . | . . . . . Damage Inflicted 1534 | . 121 . 526 887 Guns 1327 | . 121 . 319 887 Cannons . | . . . . . Explosions . | . . . . . Melee . | . . . . . Ramming . | . . . . . Kinetic 777 | . . . 189 588 Thermal 757 | . 121 . 337 299 Explosive . | . . . . . Electromagnetic . | . . . . . Impact . | . . . . . Slashing . | . . . . . Piercing . | . . . . . Highest Corruption . | . . . . . Average Corruption . | . . . . . Corruption Purged . | . . . . . Overload Shots . | . . . . . Overflow Damage . | . . . . . Projectiles . | . . . . . Explosions . | . . . . . Melee . | . . . . . Knockbacks . | . . . . . Impact . | . . . . . Kinetic . | . . . . . Secondary . | . . . . . Self-Inflicted Damage . | . . . . . Shots . | . . . . . Rammed 1 | . . . . 1 Targets Rammed 1 | . . . . 1 Kicked . | . . . . . Crushed . | . . . . . Highest Temperature 291 | . 132 . 291 99 Average Temperature 66 | . 49 . 92 23 Received Heat Transfer 555 | . . . 243 312 Siege Activations . | . . . . . Robots Corrupted . | . . . . . Combat Hostiles . | . . . . . Parts Fried . | . . . . . Impact Corruptions . | . . . . . Robots Melted 1 | . . . 1 . Combat Hostiles 1 | . . . 1 . Parts Melted 5 | . . . 5 . Heat Transferred 2689 | . 322 . 1613 754 Parts Sabotaged . | . . . . . Parts Stolen . | . . . . . Parts Stripped . | . . . . . Power Chain Reactions . | . . . . . Missiles Intercepted . | . . . . . Alert | -11 -10 -10 -9 -9 ------- Run | Scr Mat Min Mat Sto Peak Influence 235 | . 75 28 110 235 Average Influence 91 | . 51 28 69 121 Maximum Alert Level 1 | . . . . 1 Low Security (%) 94 | 100 100 100 100 88 Level 1 5 | . . . . 11 Level 2 . | . . . . . Level 3 . | . . . . . Level 4 . | . . . . . Level 5 . | . . . . . High Security . | . . . . . Max Security . | . . . . . Squads Dispatched 4 | . . . 1 3 Investigation 1 | . . . . 1 Extermination . | . . . . . Reinforcement 3 | . . . 1 2 Assault . | . . . . . Garrison . | . . . . . Intercept . | . . . . . Construction Impeded . | . . . . . Haulers Reinforced . | . . . . . Stealth | -11 -10 -10 -9 -9 --------- Run | Scr Mat Min Mat Sto Distress Signals 2 | . 1 . . 1 Communications Jammed . | . . . . . Distress Signals . | . . . . . Times Spotted 40 | . 5 . 11 24 Peak Tracking Total 5 | . 4 . 2 5 Tactical Retreats 3 | . 1 . . 2 Traps | -11 -10 -10 -9 -9 ------- Run | Scr Mat Min Mat Sto Traps Triggered 2 | . . . . 2 Indirectly . | . . . . . Trap Hack Attempts . | . . . . . Triggered . | . . . . . Disarmed . | . . . . . Reprogrammed . | . . . . . Reused . | . . . . . Traps Extracted . | . . . . . Installed . | . . . . . Triggered . | . . . . . Machines | -11 -10 -10 -9 -9 ---------- Run | Scr Mat Min Mat Sto Machines Disabled 1 | . 1 . . . Max in Single Turn 1 | . 1 . . . Machines Sabotaged . | . . . . . Garrisons Compromised . | . . . . . Overloaded Fab Kills . | . . . . . Fab Network Shutdowns . | . . . . . Hacking | -11 -10 -10 -9 -9 --------- Run | Scr Mat Min Mat Sto Machines Accessed 3 | . 1 . . 2 Terminals 3 | . 1 . . 2 Fabricators . | . . . . . Repair Stations . | . . . . . Recycling Units . | . . . . . Scanalyzers . | . . . . . Garrison Access . | . . . . . Total Hacks 7 | . 2 . . 5 Successful 2 | . 1 . . 1 Failed 5 | . 1 . . 4 Catastrophic 2 | . 1 . . 1 Database Lockouts . | . . . . . Manual 3 | . . . . 3 Terminals 7 | . 2 . . 5 Fabricators . | . . . . . Repair Stations . | . . . . . Recycling Units . | . . . . . Scanalyzers . | . . . . . Garrison Access . | . . . . . Terminal Hacks 2 | . 1 . . 1 Open Door 1 | . . . . 1 Emergency Access Points 1 | . 1 . . . Fabricator Hacks . | . . . . . Repair Station Hacks . | . . . . . Recycling Unit Hacks . | . . . . . Scanalyzer . | . . . . . Garrison Access Hacks . | . . . . . Unauthorized Hacks . | . . . . . Terminals . | . . . . . Fabricators . | . . . . . Repair Stations . | . . . . . Recycling Units . | . . . . . Scanalyzers . | . . . . . Garrison Access . | . . . . . Data Cores Recovered . | . . . . . Used . | . . . . . Hacking Detections 2 | . . . . 2 Full Trace Events 1 | . . . . 1 Feedback Events . | . . . . . Feedback Blocked . | . . . . . Robot Schematics Acquired . | . . . . . Robots Built . | . . . . . Matter . | . . . . . Time . | . . . . . Total Robot Build Rating . | . . . . . Part Schematics Acquired . | . . . . . Parts Built . | . . . . . Matter . | . . . . . Time . | . . . . . Total Part Build Rating . | . . . . . Parts Repaired . | . . . . . Time . | . . . . . Parts Recycled . | . . . . . Recycled Matter . | . . . . . Retrieved Matter . | . . . . . Retrieved Components . | . . . . . Parts Scanalyzed . | . . . . . Part Schematics Acquired . | . . . . . Parts Damaged . | . . . . . Bothacking | -11 -10 -10 -9 -9 ------------ Run | Scr Mat Min Mat Sto Used RIF Installer . | . . . . . Robots Hacked . | . . . . . Non-combat . | . . . . . Combat . | . . . . . Robot Hacks Applied . | . . . . . Relay Couplers Released . | . . . . . Robots Rewired . | . . . . . Allies Hacked . | . . . . . Hacks Repelled . | . . . . . Allies | -11 -10 -10 -9 -9 -------- Run | Scr Mat Min Mat Sto Total Allies . | . . . . . Largest Group . | . . . . . Highest-Rated Group . | . . . . . Highest-Rated Ally . | . . . . . Total Orders . | . . . . . Ally Attacks . | . . . . . Total Damage . | . . . . . Kills . | . . . . . Allies Corrupted . | . . . . . Allies Melted . | . . . . . Intel | -11 -10 -10 -9 -9 ------- Run | Scr Mat Min Mat Sto Robot Analysis Total . | . . . . . Derelict Logs Recovered 1 | . . 1 . . Drone Launches . | . . . . . Drone Recoveries . | . . . . . Exploration | -11 -10 -10 -9 -9 ------------- Run | Scr Mat Min Mat Sto Turns Passed 1784 | 38 219 71 523 933 Spaces Moved 992 | 30 148 57 311 446 Core 11 | 5 . . . 6 Treads 231 | . . . . 231 Legs 650 | 25 148 57 311 109 Wheels . | . . . . . Hover 84 | . . . . 84 Flight 16 | . . . . 16 Fastest Speed 50 | 50 120 120 120 56 Average Speed 133 | 108 120 120 120 151 Slowest Speed 360 | 120 120 120 120 360 Overloaded Moves . | . . . . . Propulsion Burnouts . | . . . . . Robots Hopped . | . . . . . Cave-ins Triggered . | . . . . . Exploration Rate (%) 26 | 3 27 26 25 50 Regions Visited 4 Branch Regions 2 Pre-discovered Areas 1 | . . 1 . . Known Exits Taken . | . . . . . Unknown Exits Taken 4 | 1 1 1 1 . Scrap Searched . | . . . . . Spaces Dug . | . . . . . Terrain Destroyed . | . . . . . Melee . | . . . . . Projectile . | . . . . . AOE . | . . . . . Actions | -11 -10 -10 -9 -9 --------- Run | Scr Mat Min Mat Sto Total 1257 | 33 167 59 393 605 Wait 53 | . 8 1 24 20 Move 988 | 29 147 56 310 446 Hop . | . . . . . Pick Up 8 | . . . . 8 Fast Attach 29 | 4 1 1 8 15 Attach 6 | . . . . 6 Detach 10 | . . 1 4 5 Swap 2 | . . . . 2 Drop 14 | . . . 5 9 Fire 145 | . 11 . 42 92 Melee . | . . . . . Ram . | . . . . . Kick . | . . . . . Crush 1 | . . . . 1 Escape Stasis . | . . . . . Rewire 1 | . . . . 1 Trap . | . . . . . Miscellaneous . | . . . . . Route ------- -11/Scrapyard -10/Materials -10/Mines -9/Materials -9/Storage History --------- Turn | Location | Event 3 | -11/Scrapyard | Discovered new exit (range 16) 39 | -11/Scrapyard | Entered Materials 215 | -10/Materials | Discovered new exit (range 6) 258 | -10/Materials | Entered Mines 264 | -10/Mines | Learned location of Storage (-9) 269 | -10/Mines | A weapon hastily lodged in a ceiling crevice suddenly fell to the ground 304 | -10/Mines | Discovered new exit (range 15) 316 | -10/Mines | Build established: Mutant 329 | -10/Mines | Entered Materials 329 | -9/Materials | Evolved 2 slots: Utility x2 833 | -9/Materials | Discovered new exit (range 14) 852 | -9/Materials | Entered Storage 1028 | -9/Storage | Core integrity fell below 50% 1078 | -9/Storage | Lost 3 parts (1n2w) 1281 | -9/Storage | Core integrity fell below 20% 1606 | -9/Storage | Lost 4 parts (3u1w) 1785 | -9/Storage | Destroyed by G-34 Mercenary with Small Laser Last Messages --------------- 01646_ Acquired Imp. Hover Unit. 01650_ Dropped Imp. Flight Unit. 01656_ Acquired Imp. Hover Unit. 01676_ Acquired Targeting Computer. 01718_ G-34 Mercenary destroyed. 01720_ K-01 Serf collects debris. 01724_ Acquired 46 matter. 01726_ Acquired Sml. Laser. 01727_ K-01 Serf collects debris. 01730_ K-01 Serf cleans the Component Storage. 01731_ Triggered Explosive Trap. 01731_ An explosion rips through the floor. 01731_ Component Storage disabled. 01750_ The unstable cave ceiling collapses. 01766_ Triggered Blade Trap. 01766_ Massive razor-sharp blades shoot up from within the floor. 01766_ Hvy. Ion Engine severed. 01766_ Hvy. Assault Rifle severed. 01769_ K-01 Serf collects debris. 01773_ U-05 Engineer lays Concrete. Map ----- +----------------------------------------------------+ | | | | | | | | | | | | | | | | | | | | | | | | | | | | | | | | | | | ??????????????????????????????????????????######## | | ??????????????????????????????????????????# !!! | | ???????????????????###?????########???????# !! "Y | | ???????????????????#"""#???# = #??????##*!! "" | | ???????????????????#"R"#???#[ #??????#%! ! | | ??????????????????##" "#####*""" #??????######+## | | ??????????????????# + """ #???????????# | | ??????????????????# # """ #???????????# | | ??????????????###?#^ @ # #???????????# | | ???????######## #?# ########???????????# | | ???????# #?# ^ ##??????????????????# | | ???????# """ #?# ###???????????""""??# | | ???????# """ #?#^ """ ""#??????????## #??# | | ???????# """ ### """ gT"#??????????#T #??# | | ???????# + "" ""#?########### #??# | | ???????# """ ## """ ###?# ## #??# | | ???????# """ ### """ ##### ## #??# | | ???????# """ ## + ##! #??# | | ???????# ## # ##**##?# | | ?????#######+######* # #%** ### | | ###### #### = % + +* | | # % *#[ #####+##### ##### #* | | # !!%+== #?? ??# #???# # ##+### | | # """" !%#* #?# ## #???# ###### | | # """" + #?# ## #???##########????# """ | | # """" # #?# """ ## #?????????????????# """ | | # """" # #?# """ ## #?????????????????# """ | | # # #?# """ ## #?????????????????# | | # [ # #?######### ###################= """ | | ########### #?????????# [+% """ | | ???????#### #####?????# ###################! """ | | ??######T## ##!!#?????# #?????????????????# *% | | ??#== = # ## !#?????# #?????????????????###### | +----------------------------------------------------+ Best States ------------- Heat Dissipation 28 Energy Generation 14 Energy Capacity 280 Matter Stores 650 Matter Capacity 650 Sight Range 16 Terrain Scan Density 10 Armor Coverage 150 Evasion (%) 45 Targeting Accuracy 10 Recoil Reduction 2 Item Schematics ----------------- None Robot Schematics ------------------ None Fabricated ------------ Nothing Alien Tech Used ----------------- None Achievements -------------- None Challenges ------------ None Game ------ Seed ScatterRecoilSuite Manual? 0 Play Time 00:14:57 Cumulative 118.6 hours Start 2020.05.19 @ 18:31:15 End 2020.05.19 @ 18:46:02 Sessions 1 Manual Loads 0 Difficulty Rogue Special Mode None Game No. 213 Rogue 213 Adventurer 0 Explorer 0 Win Type - Total 0 Types 0/0/0/0/0/0/0 Lore% 24 Gallery% 47 Achievement% 30 Wizard Run 0 Options --------- ASCII 0 Keyboard 1 Movement Numpad Keybinds 0 Fullscreen 2 Font 18/SmallcapsGlow Map View 76x50 Tactical HUD 1 Map Filters NONE Filters NONE Steam 1 RUN: bdd7bb06-e15d-468e-91cb-f0d8b5a5e17f